 Dungeon Crawl Stone Soup version 0.28-b1-70-g80dc712255 (webtiles) character file.

Game seed: 1061055959082811014

21 Hemlocke the Charlatan (level 2, -1/21 HPs)
             Began as a Demonspawn Artificer on Feb 4, 2022.
             Was a Follower of Ru.
             Slain by a gnoll (4 damage)
             ... on level 3 of the Dungeon.
             The game lasted 00:21:54 (1608 turns).

Hemlocke the Charlatan (Demonspawn Artificer)       Turns: 1608, Time: 00:21:58

Health: -1/21      AC:  6    Str: 12    XL:     2   Next: 62%
Magic:  2/2        EV:  9    Int: 12    God:    Ru [*.....]
Gold:   36         SH:  4    Dex: 13    Spells: 1/1 levels left

rFire   . . .      SeeInvis .   a - +0 club
rCold   . . .      Faith    .   (no shield)
rNeg    . . .      Spirit   .   i - +0 scale mail
rPois   .          Reflect  .   (no helmet)
rElec   .          Harm     .   (no cloak)
rCorr   .          Rampage  .   (no gloves)
Will    .....                   (no boots)
Stlth   ..........              (no amulet)
HPRegen 0.07/turn               (no ring)
MPRegen 0.08/turn               (no ring)

@: unable to drink
A: large bone plates 1, inability to drink while threatened
a: Renounce Religion


You were on level 3 of the Dungeon.
You worshipped Ru.
Ru was aware of your devotion.
You visited 1 branch of the dungeon, and saw 3 of its levels.

You collected 36 gold pieces.

Inventory:

Hand Weapons
 a - a +0 club (weapon)
Missiles
 f - 9 stones
 h - 19 sling bullets
Armour
 b - a +0 leather armour
 i - a +0 scale mail (worn)
Wands
 c - a wand of flame (6)
 d - a wand of charming (10)
Scrolls
 g - 2 scrolls of immolation
Miscellaneous
 e - a piece from Xom's chessboard (14/15) (quivered)


   Skills:
 + Level 1.0 Fighting
 + Level 0.1 Maces & Flails
 + Level 2.0 Armour
 + Level 1.1 Dodging
 + Level 1.1 Stealth
 + Level 3.5 Evocations


You had one spell level left.
You didn't know any spells.
Your spell library was empty.

Dungeon Overview and Level Annotations

Branches:
Dungeon (3/15)

Altars:
Ru

Shops:
D:1 [


Innate Abilities, Weirdness & Mutations

You are partially covered in large bone plates. (SH +4)
You sometimes lose the ability to drink potions when taking damage.


Message History

You open the door.
There is an open door here.
Aiming: Charm
Press: ? - help, Q - select action, (/) - cycle Shift-Dir - straight line, f - gnoll
Aim: a gnoll, wielding a +0 halberd (chance to affect: 67%)
The gnoll struggles to resist.
Aiming: Charm
Press: ? - help, Q - select action, (/) - cycle Shift-Dir - straight line, f - gnoll, p - gnoll
Aim: a gnoll, wielding a +0 flail (chance to affect: 67%)
The gnoll is charmed.
The gnoll barely misses you.
Okay, then.
What are your orders? t - Shout!
Orders for allies: a - Attack new target. p - Attack previous target. r - Retreat! s - Stop attacking. g - Guard the area. f - Follow me.
Anything else - Cancel.
Gang up on whom?
Press: ? - help, Dir - move target, f - gnoll, p - gnoll
Aim: a gnoll, wielding a +0 halberd Attack!
The gnoll closely misses your gnoll.
Your gnoll hits the gnoll with a +0 flail.
The gnoll barely misses you. Something hits your gnoll!
Your gnoll barely misses the gnoll.
The gnoll completely misses you. Something hits your gnoll!
Your gnoll dies!
The gnoll hits you from afar with a +0 halberd.
Non-targeted evoke: piece from Xom's chessboard (15/15)
Press: ? - help, Q - select action, (/) - cycle Dir - look around, f - activate You make a move on Xom's chessboard...
The gnoll appears confused.
You block the gnoll's attack.
You barely miss the gnoll.
The gnoll hits you from afar with a +0 halberd!
The gnoll hits you with a +0 flail!
You feel threatened and lose the ability to drink potions!
* * * LOW HITPOINT WARNING * * *
The gnoll hits you from afar with a +0 halberd.
You die...

#.......#
#.......#
+#.......#
.........#
.........#
.........#
........g#
..#+###)##
#...@g#
#.###.#
#.# #.#
#.# ###
........#
.#...#...
..#. ..$##
.. ....#
!. .#...#


You could see 2 gnolls.

Vanquished Creatures
  A ball python (D:1)
  3 endoplasms (D:1)
  2 goblins (D:1)
  A hobgoblin (D:1)
  3 jackals (D:1)
  A quokka (D:1)
  2 bats (D:1)
  A kobold (D:1)
  2 rats (D:1)
16 creatures vanquished.

Vanquished Creatures (collateral kills)
  A bat (D:1)
1 creature vanquished.

Vanquished Creatures (others)
  A gnoll (D:3)
  An endoplasm (D:1)
  A hobgoblin (D:1)
  11 plants (D:1)
14 creatures vanquished.

Grand Total: 31 creatures vanquished

Notes
Turn   | Place    | Note
-------+----------+-------------------------------------------
     0 | D:1      | Hemlocke the Demonspawn Artificer began the quest for the
                  | Orb.
     0 | D:1      | Reached XP level 1. HP: 15/15 MP: 1/1
   134 | D:1      | Found Mojorule's Armour Shoppe.
   186 | D:1      | Reached skill level 1 in Dodging
   210 | D:1      | Gained mutation: You are partially covered in large bone
                  | plates. (SH +4) [demonic ancestry]
   210 | D:1      | Reached XP level 2. HP: 19/21 MP: 2/2
   440 | D:1      | Reached skill level 1 in Stealth
   749 | D:1      | Found a faded altar of an unknown god.
   759 | D:1      | Prayed at the altar of an unknown god.
   759 | D:1      | Became a worshipper of Ru the Awakened
  1122 | D:1      | Gained mutation: You sometimes lose the ability to drink
                  | potions when taking damage. [Ru sacrifice]
  1122 | D:1      | Reached * piety under Ru
  1608 | D:3      | Slain by a gnoll

Illustrated notes

Levels and vault maps discovered:
D:1:      minmay_arrival_widening_spiral_wide, layout_basic,
          dilly_ecumenical_altar_fadedgnrine, serial_shops, shop
D:2:      layout_basic, serial_shops, nicolae_diamond_shop, basic_altar
D:3:      layout_basic, nemelex_xobeh_ov_fountains_minmay, serial_shops,
          nicolae_shop_statue_plus, shop, nicolae_shop_window_shopping,
          nicolae_shop_advertising_works [nicolae_subvault_shop_adworks], shop,
          grunt_decor_junction, uniq_natasha, uniq_crazy_yiuf_cottage,
          uniq_terence, uniq_jessica

Skill      XL: |  1  2 |
---------------+-------+-----
Dodging        | 1 |  1.1
Stealth        | 1 |  1.1
Armour         | 2 |  2.0
Fighting       | |  1.0
Maces & Flails | |  0.1
Evocations     | |  3.5

Action                   || total
-------------------------++-------
Melee: Club              ||    72
       Punch             ||     1
Throw: Stone             ||    20
Invok: Sacrifice Drink   ||     1
Evoke: Wand              ||    14
       Piece from Xom's  ||     1
  Use: Potion            ||     1
       Scroll            ||     2
Armor: Leather armour    ||     4
       Scale mail        ||    30
Dodge: Dodged            ||    57
Block: Other             ||    18
